 Dungeon Crawl Stone Soup version 0.28.0 (webtiles) character file.

Game seed: 4245415833581740878

2272 GrayStillPlays the Skirmisher (level 9, -7/78 HPs)
             Began as a Red Draconian Fighter on Feb 9, 2022.
             Was an Initiate of Gozag.
             Killed from afar by a raiju (21 damage)
             ... with a living lightning
             ... on level 2 of the Abyss.
             The game lasted 00:19:17 (10255 turns).

GrayStillPlays the Skirmisher (DrFi)               Turns: 10255, Time: 00:19:18

Health: -7/78      AC: 11    Str: 18    XL:     9   Next: 16%
Magic:  16/16      EV: 13    Int: 16    God:    Gozag
Gold:   806        SH:  5    Dex: 13    Spells: 18/18 levels left

rFire   + . .      SeeInvis .   s - +5 mace "Kauplylu" {vorpal, Int-3 Dex+2 Stlth+, mace}
rCold   . . .      Faith    .   b - +0 buckler
rNeg    . . .      Spirit   .   (armour unavailable)
rPois   +          Reflect  .   (helmet restricted)
rElec   .          Harm     .   K - +1 cloak
rCorr   .          Rampage  .   Z - +0 pair of gloves
Will    .....                   E - +0 pair of boots
Stlth   +.........              (no amulet)
HPRegen 0.23/turn               g - +6 ring of intelligence
MPRegen 0.15/turn               I - ring of poison resistance

@: very slow
A: breathe fire, AC +7, unfitting armour, fire resistance 1, cold-blooded
a: Breathe Fire, Renounce Religion, Potion Petition, Call Merchant, Bribe Branch


You were on level 2 of the Abyss.
You worshipped Gozag.
Gozag was pleased with you.
You visited 2 branches of the dungeon, and saw 9 of its levels.
You visited the Abyss 1 time.

You collected 855 gold pieces.
You paid 49 gold pieces to Gozag.


Innate Abilities, Weirdness & Mutations

You can breathe blasts of fire.
Your fiery red scales are hard. (AC +7)
You cannot fit into any form of body armour.
Your flesh is heat resistant. (rF+)
You are cold-blooded and may be slowed by cold attacks.


   Skills:
 + Level 6.9 Fighting
 - Level 2.7 Axes
 + Level 5.8 Dodging
 - Level 4.7 Shields
 + Level 5.0 Spellcasting
 + Level 4.8 Fire Magic
 + Level 3.9 Evocations


You had 18 spell levels left.
You didn't know any spells.
Your spell library contained the following spells:

 Spells                   Type           Power      Damage    Failure   Level
 Pain                     Necr           16%        1d4       19%         1
 Sublimation of Blood     Necr           4%         N/A       28%         2
 Wereblood                Tmut           4%         N/A       28%         2
 Confusing Touch          Hex            4%         N/A       50%         3
 Agony                    Necr           4%         N/A       99%         5
 Excruciating Wounds      Necr           2%         N/A       99%         5
 Yara's Violent Unravell  Hex/Tmut       2%         3d3       99%         5
 Conjure Ball Lightning   Conj/Air       2%         3x3d6     100%        6
 Enfeeble                 Hex            2%         N/A       100%        7
 Summon Hydra             Summ           2%         N/A       100%        7
 Discord                  Hex            2%         N/A       100%        8
 Disjunction              Tloc           2%         N/A       100%        8

Inventory:

Hand Weapons
 s - the +5 mace "Kauplylu" (weapon) {vorpal, Int-3 Dex+2 Stlth+, mace}
   (You found it on level 3 of the Dungeon)

   It inflicts extra damage upon your enemies.
   Int:       It affects your intelligence (-3).
   Dex:       It affects your dexterity (+2).
   Stlth:     It makes you more stealthy.
 W - the +4 whip of Ragnarok {holy, Drain rPois rN+, mace}
   (You found it on level 7 of the Dungeon)

   It has been blessed by the Shining One to cause great damage to the undead
   and demons.
   rPois:     It protects you from poison.
   rN:        It protects you from negative energy.
   Drain:     It drains your maximum health when unequipped.
Missiles
 w - 5 datura-tipped darts (quivered) {throwing}
 L - 2 poisoned darts {throwing}
 R - a curare-tipped dart {=fthrowing}
 T - 4 javelins {throwing}
Armour
 b - a +0 buckler (worn)
 E - a +0 pair of boots (worn)
   (You found it on level 4 of the Dungeon)
 K - a +1 cloak (worn)
   (You found it on level 5 of the Dungeon)
 Z - a +0 pair of gloves (worn)
   (You found it on level 7 of the Dungeon)
Magical Staves
 y - a staff of air {!astaff}
   (You found it on level 4 of the Dungeon)
 A - a staff of poison {!astaff}
   (You found it on level 6 of the Dungeon)
Jewellery
 a - a +6 ring of strength
   (You found it on level 7 of the Dungeon)
 g - a +6 ring of intelligence (left hand)
   (You found it on level 1 of the Dungeon)
 I - a ring of poison resistance (right hand)
   (You found it on level 5 of the Dungeon)
 P - an amulet of faith {!P}
   (You found it on level 6 of the Dungeon)
 Y - a +6 ring of intelligence
   (You found it on level 7 of the Dungeon)
Wands
 D - a wand of charming (7)
   (You found it on level 4 of the Dungeon)
 G - a wand of mindburst (6)
   (You found it on level 5 of the Dungeon)
 Q - a wand of digging (6)
   (You found it on level 6 of the Dungeon)
Scrolls
 j - 8 scrolls of identify {unknown}
 k - 3 scrolls of noise {unknown}
 l - a scroll of amnesia {unknown}
 n - 2 scrolls of teleportation {unknown}
 p - 4 scrolls of enchant weapon {unknown}
 u - a scroll of summoning {unknown}
 v - 3 scrolls of immolation {unknown}
 z - a scroll of holy word {unknown}
 B - a scroll of fear {unknown}
 H - a scroll of fog {unknown}
 M - a scroll of enchant armour {unknown}
 O - a scroll of torment {unknown}
 S - 2 scrolls of vulnerability {unknown}
 V - a scroll of brand weapon {unknown}
Potions
 c - 4 potions of might
 e - a potion of haste {unknown}
 f - 3 potions of lignification {unknown}
 h - 2 potions of brilliance {unknown}
 i - a potion of magic {unknown}
 m - 3 potions of flight {unknown}
 o - a potion of curing {unknown}
 r - 2 potions of attraction {unknown}
 t - a potion of mutation {unknown}
 N - a potion of degeneration {unknown}
 U - a potion of resistance {unknown}
 X - 2 potions of heal wounds {@q2}
Miscellaneous
 d - a condenser vane
   (You found it on level 7 of the Dungeon)
 J - a piece from Xom's chessboard (15/15)
   (You found it on level 5 of the Dungeon)

Dungeon Overview and Level Annotations

Branches:
Dungeon (8/15)             Temple (1/1) D:4
   Lair: D:8-11

Altars:
Cheibriados
Fedhas
Gozag
Hepliaklqana
Kikubaaqudgha
Makhleb
Nemelex Xobeh
Qazlal
Trog
Vehumet
Xom
Zin
The Shining One

Shops:
D:3 (   D:5 *((([ D:8

( ## ### .## . .. #.
##.# .. ..# ≈≈# ## #
.## .#. ≈♣≈≈.####
...#. .. ≈≈≈≈≈.≈
##... #
#.....≈≈≈≈≈##.#### #
..
#.##..#.≈≈≈h@≈#.###..
. #..#
##.#.#.##h≈≈≈h§.##
.##
#.....#..#.h###.≈≈§≈≈
...####.####.# ##≈≈≈≈
#...# #.# #..# #♣≈
.#..# ### #### ≈≈ .#
## ♣ .# > #


You could see 4 raiju.


Message History

😮 HP[+1]
You block something's attack. Something hits you but does no damage.
Something hits you but does no damage. Something hits you but does no damage.
Something hits you. 😮 HP[-2]
You take 2 damage, and now have 43/78 hp.
Something hits you. 😮 HP[-1]
You take 1 damage, and now have 42/78 hp.
Something completely misses you.
The starcursed mass shrieks in your mind.
* * * LOW HITPOINT WARNING * * *
😨 HP[-5]
You take 5 damage, and now have 37/78 hp.
Something hits you.
* * * LOW HITPOINT WARNING * * *
Something hits you.
* * * LOW HITPOINT WARNING * * *
😨 HP[-5]
You take 5 damage, and now have 32/78 hp.
Something barely misses you.
Something hits you but does no damage. 😨 HP[+1]
Something hits you but does no damage.
Something hits you but does no damage. 😨 HP[+1]
Something hits you.
* * * LOW HITPOINT WARNING * * *
😨 HP[-5]
You take 5 damage, and now have 29/78 hp.
Something hits you but does no damage.
Something hits you but does no damage. 😨 HP[+1]
A quasit comes into view.
Something hits you.
* * * LOW HITPOINT WARNING * * *
😨 HP[-3]
You take 3 damage, and now have 27/78 hp.
Found a gateway leading deeper into the Abyss.
Something barely misses you. You block something's attack. 😨 HP[+1]
You block something's attack.
There is a gateway leading deeper into the Abyss here.
You can't go up here!
You block something's attack.
You plunge deeper into the Abyss.
Reactivating autopickup. 😨 HP[+1]
You start resting.
A small abomination comes into view. 😨 HP[+8]
You regained 8 hp, and now have 37/78 hp.
Found a gateway leading deeper into the Abyss. 😨 HP[+1]
There is a gateway leading deeper into the Abyss here. 😨 HP[+1] 😮 HP[+1] 😮 HP[+1]
You enter the shallow water.
Moving in this stuff is going to be slow. 😮 HP[+1] Why would you want to do that? 😮 HP[+1] 😮 HP[+1]
A raiju comes into view.
A raiju comes into view.
You enter the shallow water.
Moving in this stuff is going to be slow.
A raiju comes into view.
The raiju barks!
You hear a bark!
The raiju bursts into living lightning!
The living lightning misses you.
The raiju blinks!
A raiju comes into view.
The raiju bursts into living lightning!
The living lightning hits you!!
* * * LOW HITPOINT WARNING * * *
The raiju blinks! 😨 HP[-19]
You take 19 damage, and now have 25/78 hp.
MASSIVE DAMAGE!! (PAUSE) 😨 HP[+1] Why would you want to do that?
The raiju stops to sniff the water.
The raiju bites you but does no damage.
The raiju bursts into living lightning!
The living lightning hits the raiju.
The raiju completely resists.
The living lightning misses you.
The raiju blinks! x2
The raiju bursts into living lightning!
The living lightning hits you!
* * * LOW HITPOINT WARNING * * *
The raiju blinks!
The raiju misses you. 😱 HP[-13]
You take 13 damage, and now have 13/78 hp.
You sock the raiju! The raiju closely misses you. The raiju misses you.
The raiju bursts into living lightning!
The living lightning hits you!!
You die...
Your body crumbles into a pile of gold.

Skill      XL: |  1  2  3  4  5  6  7  8  9 |
---------------+----------------------------+-----
Dodging        | 3 4 5 |  5.8
Spellcasting   | 1 2 3 4 5 |  5.0
Fighting       | 4 5 6 |  6.9
Shields        | 4 |  4.7
Fire Magic     | 2 4 |  4.8
Evocations     | 2 3 |  3.9
Axes           | |  2.7

Action                   |  1- 3 |  4- 6 |  7- 9 || total
-------------------------+-------+-------+-------++-------
Melee: War axe           |   124 |    35 |       ||   159
       Tailslap          |    12 |    14 |    36 ||    62
       Mace              |       |    98 |   199 ||   297
Throw: Stone             |       |       |     1 ||     1
 Abil: Breathe Fire      |       |       |    28 ||    28
  Use: Potion            |       |       |     2 ||     2
 Stab: Sleeping          |     1 |     7 |     7 ||    15
       Distracted        |       |       |     2 ||     2
Armor: Skin              |    50 |    35 |    93 ||   178
Dodge: Dodged            |   117 |    85 |   182 ||   384
Block: Buckler           |    42 |    41 |    85 ||   168

Levels and vault maps discovered:
D:1:      dpeg_arrival_shelter, layout_basic
D:2:      layout_rooms, shapermc_ecumenical_altar_pompeii, basic_altar,
          chequers_serial_rivers_micro_e
D:3:      layout_basic, tgw_kikubaaqudgha, serial_shops, nicolae_shop_waterfront
D:4:      layout_loops_corners, makhleb_blood_cavern_becter, temple_green
D:5:      layout_loops_ring, kennysheep_mini, serial_shops, nicolae_shop_trees,
          shop, nicolae_lakefront_shop, nicolae_shop_window_shopping,
          shop_statue, kennysheep_nondescript, hangedman_decor_slide_cut,
          hellmonk_bongcloud_opening, minmay_circle_x
D:6:      layout_basic, minitemple
D:7:      layout_basic, overflow_temple_1_default, st_stairs_10,
          chequers_serial_rivers_micro_c, lemuel_flame_loot_1,
          uniq_prince_ribbit1
D:8:      layout_loops_corners, serial_shops, shop, doesnt_shop_hydraphobe,
          uniq_harold, uniq_erica
Temple:   jpeg_temple_clearing
Abyss:2:  base:
D:7

Notes
Turn   | Place    | Note
-------+----------+-------------------------------------------
     0 | D:1      | GrayStillPlays the Draconian Fighter began the quest for
                  | the Orb.
     0 | D:1      | Reached XP level 1. HP: 19/19 MP: 1/1
     0 | D:1      | magus.rc [v1.9.6]
    92 | D:1      | Reached XP level 2. HP: 13/26 MP: 2/2
   489 | D:1      | You fall into a shaft and drop 1 floor!
   489 | D:2      | Found a glowing silver altar of Zin.
   522 | D:2      | You pick up a book of Blood and begin reading...
   522 | D:2      | You add the spells Sublimation of Blood, Wereblood and
                  | Summon Hydra to your library.
   542 | D:2      | Reached skill level 3 in Dodging
   542 | D:2      | Reached XP level 3. HP: 28/31 MP: 4/4
   550 | D:2      | Identified the +0 robe of the Frog {rC+ Dex+3 Archmagi}
   846 | D:1      | Reached skill level 1 in Spellcasting
  1402 | D:2      | Reached XP level 4. HP: 40/40 MP: 5/5
  1577 | D:2      | You pick up a book of Pain and begin reading...
  1577 | D:2      | You add the spells Pain, Agony and Excruciating Wounds to
                  | your library.
  1630 | D:2      | Found a faded altar of an unknown god.
  1673 | D:2      | You pick up a book of Chaos and begin reading...
  1673 | D:2      | You add the spells Conjure Ball Lightning, Disjunction and
                  | Discord to your library.
  1749 | D:3      | Found Laidgh's Antique Weapon Emporium.
  2013 | D:3      | Identified the +5 mace "Kauplylu" {vorpal, Int-3 Dex+2
                  | Stlth+}
  2123 | D:3      | Found an ancient bone altar of Kikubaaqudgha.
  2123 | D:3      | Noticed a human
  2126 | D:3      | Killed a human
  2568 | D:3      | Reached skill level 4 in Fighting
  2728 | D:4      | Reached XP level 5. HP: 42/46 MP: 7/7
  2928 | D:4      | Reached skill level 4 in Shields
  2928 | D:4      | Reached skill level 2 in Spellcasting
  3115 | D:4      | HP: 11/47 [gnoll (11)]
  3327 | D:4      | Noticed a phantom
  3455 | D:4      | Reached XP level 6. HP: 34/53 MP: 9/9
  3714 | D:4      | Found a staircase to the Ecumenical Temple.
  3721 | Temple   | Entered the Ecumenical Temple
  3744 | Temple   | Became a worshipper of Gozag Ym Sagoz the Greedy
  3935 | D:4      | You pick up a book of Misfortune and begin reading...
  3935 | D:4      | You add the spells Confusing Touch, Yara's Violent
                  | Unravelling and Enfeeble to your library.
  4181 | D:4      | Reached skill level 4 in Dodging
  4325 | D:4      | Found a burning altar of Makhleb.
  4434 | D:5      | Entered Level 5 of the Dungeon
  4442 | D:5      | Found Ociun's General Store.
  4605 | D:5      | Reached skill level 5 in Fighting
  4710 | D:5      | Reached skill level 3 in Spellcasting
  4710 | D:5      | Your scales start taking on a fiery red colour.
  4710 | D:5      | Reached XP level 7. HP: 36/61 MP: 11/11
  4710 | D:5      | Gained mutation: Your flesh is heat resistant. (rF+) [Red
                  | Draconian growth]
  4908 | D:5      | Found a blossoming altar of Fedhas.
  5074 | D:5      | Found Siza's Armour Emporium.
  5246 | D:5      | Reached skill level 1 in Fire Magic
  5258 | D:5      | Reached skill level 1 in Evocations
  5490 | D:5      | Found Ynit's Antique Weapon Boutique.
  5504 | D:5      | Found Liatuas's Antique Weapon Shop.
  5600 | D:5      | Found Jirus's Weapon Shop.
  5702 | D:5      | Reached skill level 2 in Fire Magic
  5890 | D:5      | Reached skill level 2 in Evocations
  5890 | D:5      | Reached XP level 8. HP: 58/70 MP: 13/13
  6195 | D:6      | Reached skill level 5 in Dodging
  6210 | D:6      | Reached skill level 6 in Fighting
  6210 | D:6      | Reached skill level 4 in Spellcasting
  6210 | D:6      | Reached skill level 3 in Fire Magic
  6773 | D:6      | Found a glowing golden altar of the Shining One.
  6779 | D:6      | Found a hazy altar of Hepliaklqana.
  6781 | D:6      | Found a radiant altar of Vehumet.
  6784 | D:6      | Found a bloodstained altar of Trog.
  7108 | D:6      | Reached skill level 3 in Evocations
  7421 | D:7      | Reached skill level 4 in Fire Magic
  7558 | D:7      | Identified the +4 whip of Ragnarok {holy, Drain rPois rN+}
  8064 | D:7      | HP: 10/71 [orc warrior (15)]
  8069 | D:7      | HP: 11/71 [orc warrior (10)]
  8074 | D:7      | HP: 14/71 [orc warrior (17)]
  8088 | D:7      | HP: 12/71 [orc warrior (5)]
  8111 | D:7      | HP: 11/71 [orc warrior (6)]
  8116 | D:7      | HP: 10/71 [orc warrior (2)]
  8599 | D:7      | Reached XP level 9. HP: 70/78 MP: 16/16
  8660 | D:7      | Noticed Prince Ribbit
  8671 | D:7      | Killed Prince Ribbit
  8843 | D:7      | Found a stormy altar of Qazlal.
  9351 | D:8      | Found Uremoshru's Hydra Hut.
  9353 | D:8      | Noticed a seven-headed hydra
  9565 | D:8      | Reached skill level 5 in Spellcasting
  9565 | D:8      | HP: 19/78 [orc warrior (6)]
  9565 | D:8      | HP: 6/78 [orc warrior (13)]
 10118 | D:8      | You are cast into the Abyss!
 10118 | D:8      | Cast into level 1 of the Abyss (orc warrior)
 10140 | Abyss:1  | Noticed a starcursed mass
 10148 | Abyss:1  | Noticed a smoke demon
 10254 | Abyss:2  | HP: 13/78 [raiju/living lightning (13)]
 10255 | Abyss:2  | Killed from afar by a raiju

Vanquished Creatures
  Prince Ribbit (D:7)
  2 water moccasins
  An ice beast (D:7)
  An orc warrior (D:7)
  A black bear (D:5)
  2 necrophages
  A centaur (D:6)
  A phantom (D:4)
  A kobold brigand (D:6)
  A bullfrog (D:7)
  2 scorpions (D:4)
  2 howler monkeys
  A bullfrog zombie (D:7)
  A bullfrog skeleton (D:5)
  4 centaur skeletons
  2 orc priests (D:7)
  A centaur zombie (D:6)
  3 hounds
  6 iguanas
  3 orc wizards
  2 scorpion zombies (D:5)
  A killer bee zombie (D:8)
  4 gnolls
  10 adders
  2 white imps
  3 ufetubi
  2 worms
  A dart slug (D:1)
  22 orcs
  7 ball pythons
  4 endoplasms
  3 giant cockroaches
  8 goblins
  9 hobgoblins
  6 jackals
  6 kobolds
  11 quokkas
  5 bats
  3 frilled lizards
  6 rats
152 creatures vanquished.

Vanquished Creatures (others)
  A human (D:3)
  A plant (D:8)
2 creatures vanquished.

Grand Total: 154 creatures vanquished

Table legend:
 A = Non-vault XP
 B = Vault XP
 C = Vault XP percentage of total XP
 D = Non-vault monster count
 E = Vault monster count
 F = Vault count percentage of total count
                 A         B        C        D         E       F
            +---------+---------+-------+---------+---------+-------
      Total |    2674 |     572 |  17.6 |     141 |      11 |   7.2
            +---------+---------+-------+---------+---------+-------
        D:1 |      59 |       0 |   0.0 |      32 |       0 |   0.0
        D:2 |      82 |       0 |   0.0 |      25 |       0 |   0.0
        D:3 |      25 |       0 |   0.0 |       9 |       0 |   0.0
        D:4 |     450 |      40 |   8.2 |      21 |       1 |   4.5
        D:5 |     609 |     175 |  22.3 |      14 |       6 |  30.0
        D:6 |     695 |       0 |   0.0 |      17 |       0 |   0.0
        D:7 |     648 |     357 |  35.5 |      16 |       4 |  20.0
        D:8 |     106 |       0 |   0.0 |       7 |       0 |   0.0
            +---------+---------+-------+---------+---------+-------

Illustrated notes

Table legend:
 A = Kills in this place as a percentage of kills in entire the game.
 B = Kills by you in this place as a percentage of kills by you in the entire game.
 C = Kills by friends in this place as a percentage of kills by friends in the entire game.
 D = Other kills in this place as a percentage of other kills in the entire game.
 E = Experience gained in this place as a percentage of experience gained in the entire game.
 F = Experience gained in this place divided by the number of levels of this place that you have seen.
                   A       B       C       D       E      F
               +-------+-------+-------+-------+-------+----------------------
         Total | 100.0 | 100.0 |   N/A |   N/A | 100.0 | 295.1
       Dungeon | 100.0 | 100.0 |   N/A |   N/A | 100.0 | 405.8
               +-------+-------+-------+-------+-------+----------------------

Table legend: (Time is in decaauts)
 A = Elapsed time spent in this place.
 B = Non-inter-level travel time spent in this place.
 C = Inter-level travel time spent in this place.
 D = Time resting spent in this place.
 E = Time spent auto-exploring this place.
 F = Levels seen in this place.
 G = Mean time per level.
                   A        B        C        D        E       F      G
               +--------+--------+--------+--------+--------+-----+--------+
         Total |  10436 |  10093 |    343 |   1619 |   6602 |  11 |  948.7 |
       Dungeon |  10252 |   9925 |    327 |   1585 |   6590 |   8 | 1281.5 |
        Temple |     43 |     27 |     16 |      0 |     12 |   1 |   43.0 |
         Abyss |    140 |    140 |      0 |     34 |      0 |   2 |   70.0 |
               +--------+--------+--------+--------+--------+-----+--------+

Top non-repeatable levels by time:
     D:7: 2111 daAuts
     D:4: 1761 daAuts
     D:5: 1657 daAuts
     D:6: 1480 daAuts
     D:1: 1188 daAuts
     D:3: 916 daAuts
     D:2: 623 daAuts
     D:8: 512 daAuts
 Abyss:2: 75 daAuts
 Abyss:1: 64 daAuts
  Temple: 43 daAuts
